 Dungeon Crawl Stone Soup version 0.31-a0-1074-g0b22e4e0f1 (webtiles) character file.

Game seed: 2528616363761718750

96 Smoke131 the Trooper (level 4, -6/48 HPs)
             Began as an Ogre Gladiator on Dec 3, 2023.
             Mangled by Natasha (7 damage)
             ... on level 2 of the Dungeon.
             The game lasted 00:05:58 (2216 turns).

Smoke131 the Trooper (Ogre Gladiator)               Turns: 2216, Time: 00:05:58

Health: -6/48      AC:  3    Str: 20    XL:     4   Next: 67%
Magic:  4/4        EV: 10    Int:  9    God:
Gold:   114        SH:  5    Dex: 10    Spells: 3/3 levels left

rFire   . . .        a - +0 trident
rCold   . . .        (no shield)
rNeg    . . .        b - +0 robe
rPois   .            c - +0 hat
rElec   .            (no cloak)
rCorr   .            (gloves unavailable)
SInv    .            (boots unavailable)
Will    .....        h - amulet of reflection
Stlth   +            (no ring)
HPRegen 0.28/turn    (no ring)
MPRegen 0.09/turn

%: reflection
@: no status effects
A: large, unfitting armour, tough skin 1
a: no special abilities


You were on level 2 of the Dungeon.
You visited 1 branch of the dungeon, and saw 3 of its levels.

You collected 114 gold pieces.

Inventory:

Hand Weapons
 a - a +0 trident (weapon)
Missiles
 d - 3 throwing nets
Armour
 b - a +0 robe (worn)
 c - a +0 hat (worn)
Jewellery
 h - an amulet of reflection (around neck)
Scrolls
 g - a scroll of immolation {unknown}
 j - a scroll of teleportation {unknown}
 k - a scroll of vulnerability {unknown}
Potions
 l - a potion of cancellation


   Skills:
 + Level 4.1 Fighting
 + Level 3.7 Polearms
 + Level 3.0 Throwing
 - Level 3.0 Dodging


You had 3 spell levels left.
You didn't know any spells.
Your spell library contained the following spells:

 Spells                   Type           Power      Damage    Failure   Level
 Sublimation of Blood     Necr           0%         N/A       52%         2
 Petrify                  Tmut/Erth      0%         N/A       99%         4
 Irradiate                Conj/Tmut      0%         3d11      100%        5


Dungeon Overview and Level Annotations

Branches:
Dungeon (3/15)

Altars:
Cheibriados

Shops:
D:1 (

Annotations:
D:2 Natasha


Innate Abilities, Weirdness & Mutations

You are too large for most types of armour.
You have tough skin. (AC +1)


Message History

The cerulean imp hits you with a +1 spear.
Natasha claws you but does no damage.
You hit Natasha but do no damage.
The cerulean imp hits you with a +0 spear.
The cerulean imp hits you but does no damage.
Natasha stares at you and mumbles some strange words.
The magic dart hits you!
It was a potion of cancellation.
You feel magically purged.
The cerulean imp hits you with a +0 spear.
The cerulean imp barely misses you. Natasha claws you but does no damage.
It was a potion of curing.
You feel better. The cerulean imp barely misses you.
The cerulean imp hits you with a +1 spear.
Natasha claws you!
The cerulean imp hits you but does no damage.
The cerulean imp misses you. Natasha casts a spell at you.
You resist with some effort.
The cerulean imp hits you from afar with a +0 spear.
* * * LOW HITPOINT WARNING * * *
The cerulean imp attacks as it pursues you!
The cerulean imp hits you from afar with a +1 spear.
* * * LOW HITPOINT WARNING * * *
The cerulean imp hits you but does no damage.
You puncture Natasha!
Natasha is heavily wounded.
Natasha claws you.
* * * LOW HITPOINT WARNING * * *
The cerulean imp hits you but does no damage.
The cerulean imp hits you from afar with a +0 spear.
* * * LOW HITPOINT WARNING * * *
Natasha howls an incantation.
Natasha's front paws start to glow.
You block Natasha's attack.
As you read the scroll labelled DORUICVE DEOC, it dissolves into smoke.
It was a scroll of fog.
Natasha howls an incantation.
You feel troubled. Natasha claws you!
You die...
Natasha begins licking her fur clean.

.# #.#.# #......#.##.# .# #.#.#
#.###.)..##.# .# #.#.# #.#
#..####.# .# ##.#.# #(# #..# #.#
.# #....# #.# #..# #.# .# #..###
#.###..# #.# .# ##†.#
#.##...####.## .#
##...#########.##.........# .#
#......)§§@h§#.##...####...
.######.......####5#.###>.# #.##
....................>.....# #.#
########.####..(.....###.#####.#
# #.# ##.................# #
#.#####.################# #
#.......# #########


You could see Natasha and a cerulean imp (summoned).

Vanquished Creatures
  An iguana (D:3)
  3 adders
  A worm (D:2)
  2 dart slugs
  2 bats (D:2)
  An endoplasm (D:1)
  2 giant cockroaches (D:3)
  A hobgoblin (D:1)
  2 jackals (D:2)
  2 quokkas (D:1)
  5 ball pythons
  A frilled lizard (D:2)
  6 goblins
  5 kobolds
  4 rats
38 creatures vanquished.

Notes
Turn   | Place    | Note
-------+----------+-------------------------------------------
     0 | D:1      | Smoke131 the Ogre Gladiator began the quest for the Orb.
     0 | D:1      | Reached XP level 1. HP: 22/22 MP: 1/1
   408 | D:1      | Found a faded altar of an unknown god.
   466 | D:1      | Found Mihico's Weapon Boutique.
   471 | D:1      | Reached skill level 3 in Fighting
   471 | D:1      | Reached XP level 2. HP: 31/31 MP: 2/2
  1075 | D:2      | Reached XP level 3. HP: 18/37 MP: 3/3
  1811 | D:3      | Found a snail-covered altar of Cheibriados.
  1840 | D:3      | Reached XP level 4. HP: 45/48 MP: 4/4
  2063 | D:3      | Reached skill level 4 in Fighting
  2081 | D:3      | Noticed Natasha
  2215 | D:2      | HP: 1/48 [cerulean imp/+0 spear[Natasha] (4)]
  2216 | D:2      | Mangled by Natasha

Illustrated notes

Levels and vault maps discovered:
D:1:      dpeg_arrival_arbitrary_b, layout_basic, serial_shops,
          nicolae_shop_stone, shapermc_ecumenical_altar_venn
D:2:      layout_loops_ring, serial_bayou_pond_d
D:3:      layout_loops_ring, kennysheep_slug_shrine, uniq_natasha, uniq_ijyb

Skill      XL: |  1  2  3  4 |
---------------+-------------+-----
Fighting       | 3 4 |  4.1
Dodging        | 3 |  3.0
Throwing       | 3 |  3.0
Polearms       | |  3.7

Action                     |  1- 3 |  4- 6 || total
---------------------------+-------+-------++-------
  Melee: Trident           |    95 |    28 ||   123
  Throw: Large rock        |       |     1 ||     1
    Use: Potion            |       |     2 ||     2
         Scroll            |       |     1 ||     1
 Armour: Robe              |    54 |    43 ||    97
  Dodge: Dodged            |    42 |    25 ||    67
  Block: Other             |    22 |     8 ||    30
         Reflection        |       |     1 ||     1

Table legend: (Time is in decaauts)
 A = Elapsed time spent in this place.
 B = Non-inter-level travel time spent in this place.
 C = Inter-level travel time spent in this place.
 D = Time resting spent in this place.
 E = Time spent auto-exploring this place.
 F = Levels seen in this place.
 G = Mean time per level.
                   A        B        C        D        E       F      G
               +--------+--------+--------+--------+--------+-----+--------+
         Total |   2235 |   2160 |     75 |     79 |   1623 |   3 |  745.0 |
       Dungeon |   2235 |   2160 |     75 |     79 |   1623 |   3 |  745.0 |
               +--------+--------+--------+--------+--------+-----+--------+

Top non-repeatable levels by time:
     D:1: 955 daAuts
     D:2: 882 daAuts
     D:3: 398 daAuts
